 Dungeon Crawl Stone Soup version 0.19.1-1-g22dce08 (webtiles) character file.

290 M4edhros the Ruffian (level 6, -1/61 HPs)
             Began as a Troll Berserker on Jan 4, 2017.
             Was a Follower of Trog.
             Slain by a centaur skeleton (4 damage)
             ... on level 6 of the Dungeon.
             The game lasted 00:01:38 (335 turns).

M4edhros the Ruffian (Troll Berserker)               Turns: 335, Time: 00:01:39

Health: -1/61      AC:  5    Str: 26    XL:     6   Next: 9%
Magic:  5/5        EV: 11    Int:  3    God:    Trog [*.....]
Gold:   28         SH:  0    Dex: 11    Spells: 0 memorised, 5 levels left

rFire  + . .     SeeInvis .       - Unarmed
rCold  + + .     Gourm    +     a - +0 animal skin
rNeg   . . .     Faith    .     (no shield)
rPois  +         Spirit   .     (helmet restricted)
rElec  +         Reflect  .     (no cloak)
rCorr  +         Harm     .     (gloves unavailable)
MR     .....     Rnd*Tele +     (boots unavailable)
Stlth  +.........               (no amulet)
                                (no ring)
                                (no ring)

@: exhausted, resistant, very slightly contaminated, hasted, very quick
A: unfitting armour, claws 3, horns 1, cold resistance 1, fast metabolism 3,
gourmand, regeneration 1, screaming 1, shaggy fur 1, teleportitis 2, tough skin
2
a: Berserk, Burn Spellbooks, Renounce Religion


You were on level 6 of the Dungeon.
You worshipped Trog.
Trog was aware of your devotion.
You were very hungry.

You visited 1 branch of the dungeon, and saw 6 of its levels.

You collected 28 gold pieces.

Inventory:

Armour
 a - a +0 animal skin (worn)
Wands
 i - a wand of polymorph (12/24)
Scrolls
 h - a scroll of amnesia {unknown}
Comestibles
 b - 3 bread rations
 c - a beef jerky


   Skills:
 + Level 3.4 Fighting
 + Level 3.4 Dodging
 * Level 5.4 Unarmed Combat


You had 5 spell levels left.
You didn't know any spells.

Dungeon Overview and Level Annotations

Branches:
Dungeon (6/15)
 Temple: D:4-7

Altars:

Annotations:
D:6 Prince Ribbit


Innate Abilities, Weirdness & Mutations

You are too large for most types of armour.
You have claws for hands.
Your metabolism is lightning-fast.
You like to eat raw meat.
Your natural rate of healing is unusually fast.
You are covered in fur. (AC +1)
You have very tough skin. (AC +2)
You have a pair of small horns on your head.
Your flesh is cold resistant. (rC+)
You occasionally shout uncontrollably at your foes.
You are sometimes teleported next to monsters.


Message History

Prince Ribbit hits you! The centaur skeleton hits you.
* * * LOW HITPOINT WARNING * * *
You aren't carrying any potions.
Evoke which item? (* to show all) (? for menu, Esc to quit)
Zapping:
i - a wand of polymorph (will waste charges)
Press: ? - help, Shift-Dir - straight line, f - Prince Ribbit
Aim: Prince Ribbit (heavily wounded, chance to defeat MR: 28%)
Okay, then.
You are feeling very hungry.
You closely miss Prince Ribbit.
Prince Ribbit is heavily wounded.
You scratch Prince Ribbit. Your headbutt misses Prince Ribbit.
Prince Ribbit is heavily wounded.
Prince Ribbit hits you!
* * * LOW HITPOINT WARNING * * *
The centaur skeleton misses you.
You closely miss Prince Ribbit. Your claw misses Prince Ribbit.
Prince Ribbit is heavily wounded.
Prince Ribbit barely misses you. The centaur skeleton hits you.
You die...

#..#.. #..#.# ##
#..... .. #.##.#
.#####. #.##.#
..[.... #.##.#
....#..
######.##.###.......
# #.........F@Z...#
#
#.##.......##.......
# #.##.#.##..#
.##.#.#
##.###.#.....#..# ..
.. .............#..#
##. #
#####.<.....#..# ..
###........# %.
###### #.##..####
..# .....# #.##..#


You could see Prince Ribbit and a centaur skeleton.

Vanquished Creatures
  Sigmund (D:3)
  A black bear (D:6)
  An orc priest (D:4)
  A shadow imp (D:6)
  2 orcs (D:4)
  A giant cockroach (D:2)
  A goblin (D:2)
  2 kobolds
  A quokka (D:2)
  A ball python (D:6)
  A bat (D:1)
  2 rats (D:1)
15 creatures vanquished.

Notes
Turn   | Place    | Note
-------+----------+-------------------------------------------
     0 | D:1      | M4edhros the Troll Berserker began the quest for the Orb.
     0 | D:1      | Reached XP level 1. HP: 22/22 MP: 0/0
    64 | D:3      | Noticed Sigmund
    74 | D:2      | Reached XP level 2. HP: 28/29 MP: 1/1
    83 | D:3      | Killed Sigmund
    83 | D:3      | Reached skill level 4 in Unarmed Combat
    83 | D:3      | Reached XP level 3. HP: 30/37 MP: 2/2
    83 | D:3      | Reached XP level 4. HP: 37/45 MP: 3/3
    83 | D:3      | Reached XP level 5. HP: 43/53 MP: 4/4
   142 | D:4      | Reached skill level 5 in Unarmed Combat
   177 | D:5      | Entered Level 5 of the Dungeon
   296 | D:6      | Noticed a black bear
   302 | D:6      | Killed a black bear
   302 | D:6      | Reached XP level 6. HP: 61/61 MP: 5/5
   319 | D:6      | Noticed Prince Ribbit
   320 | D:6      | Gained mutation: You occasionally shout uncontrollably at your foes. [potion of mutation]
   320 | D:6      | Gained mutation: You are occasionally teleported next to monsters. [potion of mutation]
   322 | D:6      | Gained mutation: You have a pair of small horns on your head. [potion of mutation]
   322 | D:6      | Gained mutation: Your flesh is cold resistant. (rC+) [potion of mutation]
   322 | D:6      | Gained mutation: You are sometimes teleported next to monsters. [potion of mutation]
   334 | D:6      | HP: 3/61 [Prince Ribbit (13)]
   335 | D:6      | Slain by a centaur skeleton

Skill      XL: |  1  2  3  4  5 |
---------------+----------------+-----
Fighting       | 3 |  3.4
Dodging        | 3 |  3.4
Unarmed Combat | 4 5 |  5.4

Action                   |  1- 3 |  4- 6 || total
-------------------------+-------+-------++-------
Melee: Unarmed           |    20 |    21 ||    41
       Punch             |     1 |       ||     1
       Headbutt          |       |     1 ||     1
Invok: Berserk           |     1 |     2 ||     3
  Use: Potion            |       |     4 ||     4
  Eat: Chunk             |       |     1 ||     1
       Pizza             |       |     1 ||     1
Armor: Animal skin       |     1 |     8 ||     9
Dodge: Dodged            |    11 |    14 ||    25
